 Dungeon Crawl Stone Soup version 0.21.0-25-ge575cb9 (webtiles) character file.

8561 Draznyth the Fighter (level 11, 0/157 HPs)
             Began as a Minotaur Berserker on Jan 23, 2018.
             Was an Elder of Trog.
             Slain by a basilisk (5 damage)
             ... on level 1 of the Lair of Beasts.
             The game lasted 00:23:10 (8828 turns).

Draznyth the Fighter (Minotaur Berserker)           Turns: 8828, Time: 00:23:11

Health: 0/157      AC:  2    Str: 29    XL:     11   Next: 11%
Magic:  0/13       EV:  2    Int:  0    God:    Trog [****..]
Gold:   108        SH:  0    Dex: 11    Spells: 10/10 levels left

rFire    . . .     SeeInvis .   S - +3 spear (venom)
rCold    . . .     Gourm    .   (no shield)
rNeg     + + +     Faith    .   T - +1 leather armour of Ywaus {MR- Regen+ Int-4 Stlth+} (curse)
rPois    ∞         Spirit   +   (helmet restricted)
rElec    .         Reflect  .   G - +0 cloak
rCorr    +         Harm     .   (no gloves)
MR       .....                  (no boots)
Stlth    ..........             E - amulet of guardian spirit
HPRegen  0.76/turn              O - -4 ring of protection (curse)
MPRegen  0.13/turn              f - ring of resist corrosion

@: berserking (expiring), petrified, slowed, lost intelligence
A: retaliatory headbutt, horns 2
a: Berserk, Trog's Hand, Brothers in Arms, Burn Spellbooks, Renounce Religion


You were on level 1 of the Lair of Beasts.
You worshipped Trog.
Trog was greatly pleased with you.
You were not hungry.

You visited 3 branches of the dungeon, and saw 10 of its levels.
You also visited: Labyrinth.

You collected 467 gold pieces.
You spent 359 gold pieces at shops.

Inventory:

Hand Weapons
 a - a +0 mace
 b - a +1 whip of electrocution
 y - a +0 flail
 C - a +0 whip of freezing
 D - a +3 flail of holy wrath
 M - a +2 flail of protection
 R - the +2 arbalest "Gotiokifi" {penet, rPois rF- rN++ MP+9}
   (You found it in a labyrinth)

   Ammo fired by it will pass through the targets it hits, potentially hitting
   all targets in its path until it reaches maximum range.
   It makes you vulnerable to fire.
   It protects you from poison.
   It greatly protects you from negative energy.
   It affects your magic capacity (+9).
 S - a +3 spear of venom (weapon)
Armour
 j - a scarf of spirit shield
 G - a +0 cloak (worn)
 N - the +3 chain mail "Qunayku" {Regen+ Stlth+}
   (You bought it in a shop on level 8 of the Dungeon)

   It increases your rate of regeneration.
   It makes you more stealthy.
 T - the cursed +1 leather armour of Ywaus (worn) {MR- Regen+ Int-4 Stlth+}
   (You found it in a labyrinth)

   It affects your intelligence (-4).
   It affects your resistance to hostile enchantments.
   It increases your rate of regeneration.
   It makes you more stealthy.
   It has a curse placed upon it.
Jewellery
 d - an uncursed ring of resist corrosion
 f - a ring of resist corrosion (right hand)
 A - a +2 ring of evasion
 E - an amulet of guardian spirit (around neck)
 O - a cursed -4 ring of protection (left hand)
Wands
 e - a wand of digging (8)
 x - a wand of paralysis (13)
 I - a wand of disintegration (9)
 L - a wand of random effects (19)
 P - a wand of polymorph (15)
 Q - a wand of acid (5)
Scrolls
 h - a scroll of amnesia
 k - 5 scrolls of teleportation
 l - 2 scrolls of immolation
 n - 2 scrolls of enchant weapon
 r - a scroll of enchant armour {unknown}
 w - 2 scrolls of remove curse
 z - 3 scrolls of blinking
 B - a scroll of fear {unknown}
 F - a scroll of summoning {unknown}
 H - 2 scrolls of identify
 J - a scroll of fog {unknown}
Potions
 g - 3 potions of flight
 i - 4 potions of curing {unknown}
 m - 3 potions of ambrosia {unknown}
 o - 2 potions of heal wounds
 p - a potion of berserk rage {unknown}
 q - a potion of cancellation {unknown}
 s - 3 potions of agility {unknown}
 t - a potion of lignification {unknown}
 u - 3 potions of brilliance {unknown}
 v - 3 potions of magic {unknown}
 K - 2 potions of might {unknown}
Comestibles
 c - 10 rations


   Skills:
 * Level 12.5 Fighting
 + Level 9.4 Maces & Flails
 + Level 9.1 Armour
 + Level 8.3 Dodging
 - Level 5.1 Evocations


You had 10 spell levels left.
You didn't know any spells.

Dungeon Overview and Level Annotations

Branches:
Dungeon (8/15)             Temple (1/1) D:4            Lair (1/6) D:8

Altars:
Cheibriados
Dithmenos
Elyvilon
Fedhas
Gozag
Hepliaklqana
Kikubaaqudgha
Makhleb
Nemelex Xobeh
Okawaru
Qazlal
Ru
Sif Muna
Trog
Uskayaw
Vehumet
Wu Jian
Xom
Yredelemnul
Zin
The Shining One

Shops:
D:4 }   D:8 [


Innate Abilities, Weirdness & Mutations

You reflexively headbutt those who attack you in melee.
You have a pair of horns on your head.


Message History

You struggle to resist.
The komodo dragon bites you!
* * * LOW HITPOINT WARNING * * *
You have turned to stone.
The basilisk bites you!
* * * LOW HITPOINT WARNING * * *
The komodo dragon bites you.
* * * LOW HITPOINT WARNING * * *
The basilisk bites you!
* * * LOW HITPOINT WARNING * * *
The komodo dragon bites you.
* * * LOW HITPOINT WARNING * * *
The basilisk bites you!
* * * LOW HITPOINT WARNING * * *
The komodo dragon bites you!
* * * LOW HITPOINT WARNING * * *
The basilisk gazes at you. The komodo dragon bites you!
* * * LOW HITPOINT WARNING * * *
The basilisk bites you!
You die...

...%..####.......# ....##
##......# .. .....
..........####.#. .....
.................. ....
......≈≈≈.......... ....
...≈≈≈≈≈≈≈≈........
...##+.≈≈≈≈≈≈≈≈≈..#.#.#.
.#....≈≈≈≈≈≈≈≈≈≈ll.....#..#
.#.....≈≈≈..[≈≈≈@......#..#
#.#...≈≈≈≈≈>.≈≈≈..........#
♣r#...≈≈≈≈...≈≈≈.......#..#
...#...≈≈≈≈≈≈≈≈≈≈......#..##
>.♣#....≈≈≈≈≈≈≈≈.......#..P#
...#....≈≈≈≈≈≈≈.P####PP#..#
♣..#####....≈........÷....#
###.......................#
..........................#


You could see a komodo dragon and a basilisk.

Vanquished Creatures
  A minotaur (Lab)
  A hydra (Lair:1)
  A two-headed ogre (D:8)
  Pikel (D:6)
  2 spiny frogs (Lair:1)
  A rime drake (Lair:1)
  A komodo dragon (D:8)
  The ghost of Lino the Arsonist, a novice DEFE of Vehumet (D:5)
  Prince Ribbit (D:5)
  A hippogriff (Lair:1)
  4 blink frogs (Lair:1)
  The ghost of DogShitOnMyToe the Chopper, an amateur HOAK of Lugonu (D:3)
  Edmund (D:6)
  3 water moccasins
  A porcupine (Lair:1)
  A black bear (D:8)
  3 phantoms
  An ice beast (D:8)
  A sky beast (D:8)
  4 slaves (D:6)
  A necrophage (D:6)
  5 ogres
  2 centaurs
  4 wolves (Lair:1)
  2 crocodiles
  4 bullfrogs
  A gnoll sergeant (D:7)
  4 crimson imps
  2 bullfrog zombies
  A quasit (D:7)
  An orc priest (D:2)
  2 jellies
  Crazy Yiuf (D:6)
  A hound (D:8)
  2 bullfrog skeletons (D:4)
  4 iguanas
  2 orc wizards
  3 worker ants
  A hound skeleton (D:8)
  2 worker ant zombies
  7 gnolls
  A howler monkey skeleton (D:4)
  12 adders
  2 adder skeletons
  A dart slug (D:1)
  3 worms
  5 leopard geckos
  9 orcs
  2 ball pythons
  3 giant cockroaches
  5 goblins
  2 hobgoblins (D:2)
  6 jackals (D:6)
  5 quokkas
  3 bats
  3 frilled lizards
  11 kobolds
  A quokka zombie (D:5)
  5 rats
162 creatures vanquished.

Vanquished Creatures (others)
  A plant (D:8)
1 creature vanquished.

Grand Total: 163 creatures vanquished

Notes
Turn   | Place    | Note
-------+----------+-------------------------------------------
     0 | D:1      | Draznyth the Minotaur Berserker began the quest for the Orb.
     0 | D:1      | Reached XP level 1. HP: 19/19 MP: 0/0
   305 | D:1      | Reached XP level 2. HP: 23/27 MP: 1/1
   327 | D:1      | Reached skill level 4 in Fighting
  1259 | D:2      | Found a blossoming altar of Fedhas.
  1339 | D:2      | Reached XP level 3. HP: 34/34 MP: 2/2
  1634 | D:2      | Reached XP level 4. HP: 28/41 MP: 3/3
  2011 | D:2      | Reached skill level 5 in Fighting
  2063 | D:3      | Reached ** piety under Trog
  2066 | D:3      | Reached XP level 5. HP: 48/48 MP: 4/4
  2105 | D:3      | Found an ornate altar of the Wu Jian Council.
  2332 | D:3      | Noticed DogShitOnMyToe's ghost (amateur HOAK)
  2336 | D:3      | Killed DogShitOnMyToe's ghost
  2336 | D:3      | Reached XP level 6. HP: 57/57 MP: 5/5
  2448 | D:3      | Reached skill level 6 in Fighting
  2735 | D:4      | Found a staircase to the Ecumenical Temple.
  2744 | Temple   | Entered the Ecumenical Temple
  2939 | D:4      | Found Fuevyevo's Gadget Shop.
  2942 | D:4      | Bought a wand of paralysis (13) for 150 gold pieces
  2972 | D:4      | Reached skill level 5 in Maces & Flails
  3247 | D:4      | Reached skill level 1 in Evocations
  3372 | D:4      | Reached XP level 7. HP: 64/64 MP: 6/6
  3670 | D:4      | Reached skill level 7 in Fighting
  3798 | D:5      | Entered Level 5 of the Dungeon
  3956 | D:5      | Found a deep blue altar of Sif Muna.
  3957 | D:5      | Found a shimmering altar of Xom.
  4002 | D:5      | Reached skill level 5 in Armour
  4297 | D:5      | Found a basalt altar of Yredelemnul.
  4299 | D:5      | Noticed Lino's ghost (novice DEFE)
  4317 | D:5      | Killed Lino's ghost
  4317 | D:5      | Reached skill level 8 in Fighting
  4317 | D:5      | Reached skill level 5 in Dodging
  4317 | D:5      | Reached XP level 8. HP: 74/74 MP: 6/8
  4331 | D:5      | Reached *** piety under Trog
  4922 | D:6      | Noticed Prince Ribbit
  4930 | D:5      | Killed Prince Ribbit
  5072 | D:6      | Noticed Pikel
  5090 | D:6      | Killed Pikel
  5090 | D:6      | Reached skill level 9 in Fighting
  5090 | D:6      | Reached XP level 9. HP: 77/83 MP: 4/10
  5243 | D:6      | Noticed Edmund
  5250 | D:6      | Killed Edmund
  5711 | D:6      | Found a stormy altar of Qazlal.
  5950 | D:6      | Found a runed door.
  5954 | D:6      | Noticed Crazy Yiuf
  5961 | D:6      | Killed Crazy Yiuf
  7030 | D:7      | Reached skill level 10 in Fighting
  7874 | D:8      | Found Godiukod's Antique Armour Shoppe.
  7883 | D:8      | Bought an agate-encrusted chain mail for 209 gold pieces
  7893 | D:8      | Identified the +3 chain mail "Qunayku" {Regen+ Stlth+} (You bought it in a shop on level 8 of the Dungeon)
  8081 | D:8      | Noticed a two-headed ogre
  8082 | D:8      | Noticed a komodo dragon
  8087 | D:8      | Killed a two-headed ogre
  8087 | D:8      | Reached XP level 10. HP: 94/94 MP: 12/12
  8095 | D:8      | Reached skill level 11 in Fighting
  8157 | D:8      | Found a staircase to the Lair.
  8207 | Lair:1   | Entered Level 1 of the Lair of Beasts
  8279 | Lair:1   | Reached **** piety under Trog
  8349 | Lair:1   | Noticed a five-headed hydra
  8357 | Lair:1   | Killed a five-headed hydra
  8357 | Lair:1   | Reached skill level 5 in Evocations
  8378 | Lair:1   | Noticed a spiny frog
  8403 | Lair:1   | Noticed a spiny frog
  8409 | Lair:1   | Killed a spiny frog
  8413 | Lair:1   | Killed a spiny frog
  8421 | Lair:1   | Reached skill level 12 in Fighting
  8493 | Lair:1   | Reached XP level 11. HP: 105/105 MP: 11/13
  8521 | Lair:1   | Found a labyrinth entrance.
  8526 | Lab      | Entered a labyrinth
  8728 | Lab      | Noticed a minotaur
  8739 | Lab      | Killed a minotaur
  8754 | Lab      | Got a smoking arbalest
  8754 | Lab      | Got a distressingly furry leather armour
  8777 | Lair:1   | Identified the cursed +1 leather armour of Ywaus {MR- Regen+ Int-4 Stlth+} (You found it in a labyrinth)
  8777 | Lair:1   | Lost intelligence.
  8781 | Lair:1   | Identified the +2 arbalest "Gotiokifi" {penet, rPois rF- rN++ MP+9} (You found it in a labyrinth)
  8827 | Lair:1   | HP: 4/157 [komodo dragon (7)]
  8828 | Lair:1   | Slain by a basilisk

Skill      XL: |  1  2  3  4  5  6  7  8  9 10 |
---------------+-------------------------------+-----
Fighting       | 4 5 6 8 9 10 12 | 12.5
Maces & Flails | 4 5 6 8 9 |  9.4
Armour         | 3 4 5 6 7 9 |  9.1
Dodging        | 3 4 5 7 8 |  8.3
Evocations     | 1 2 3 4 5 |  5.1

Action                   |  1- 3 |  4- 6 |  7- 9 | 10-12 || total
-------------------------+-------+-------+-------+-------++-------
Melee: Mace              |    73 |    10 |       |       ||    83
       Headbutt          |    13 |     8 |    62 |    14 ||    97
       Whip              |       |    73 |   256 |    15 ||   344
       Flail             |       |       |       |    47 ||    47
       Spear             |       |       |       |     2 ||     2
Invok: Berserk           |       |     3 |     8 |     6 ||    17
  Use: Scroll            |       |     5 |     3 |     1 ||     9
 Stab: Sleeping          |     1 |       |       |       ||     1
  Eat: Chunk             |     2 |     8 |    22 |     2 ||    34
       Ration            |       |       |       |     2 ||     2
Armor: Ring mail         |    13 |    22 |    43 |       ||    78
       Chain mail        |       |       |    17 |    48 ||    65
       Leather armour    |       |       |       |     2 ||     2
Dodge: Dodged            |    51 |    43 |   147 |    86 ||   327
